 Seeded DCSS version 0.28.0-53-g5a82cb258f (webtiles) character file.

Game seed: 18446744073709551615 (custom seed)

42 xaos the Caller (level 3, -6/19 HPs)
             Began as a Tengu Summoner on June 5, 2022.
             Was a Follower of the Shining One.
             Mangled by Sigmund
             ... wielding a +0 scythe
              (10 damage)
             ... on level 2 of the Dungeon.
             The game lasted 00:11:17 (2480 turns).

xaos the Caller (Tengu Summoner)                    Turns: 2480, Time: 00:11:17

Health: -6/19      AC: 11    Str: 10    XL:     3   Next: 56%
Magic:  7/7        EV:  4    Int: 15    God:    the Shining One [*.....]
Gold:   88         SH:  0    Dex: 14    Spells: 5/6 levels left

rFire   x . .      SeeInvis .   m - +0 short sword
rCold   + . .      Faith    .   (no shield)
rNeg    + . .      Spirit   .   k - +0 chain mail {rN+}
rPois   .          Reflect  .   (helmet restricted)
rElec   .          Harm     .   j - +2 cloak
rCorr   .          Rampage  .   (no gloves)
Will    .....                   (boots unavailable)
Stlth   ..........              (no amulet)
HPRegen 0.06/turn               c - ring of ice
MPRegen 0.10/turn               h - ring of flight

@: flying, glowing
A: beak, talons 3
a: Renounce Religion, Divine Shield


You were on level 2 of the Dungeon.
You worshipped the Shining One.
The Shining One was aware of your devotion.
You visited 1 branch of the dungeon, and saw 2 of its levels.

You collected 88 gold pieces.

Inventory:

Hand Weapons
 m - a +0 short sword (weapon)
Missiles
 d - a throwing net (quivered)
Armour
 j - a +2 cloak (worn)
 k - a +0 chain mail of positive energy (worn)
Jewellery
 c - a ring of ice (left hand)
 h - a ring of flight (right hand)
Potions
 f - a potion of heal wounds {unknown}
 l - a potion of brilliance {unknown}


   Skills:
 + Level 0.1 Throwing
 + Level 2.3 Dodging
 + Level 2.3 Stealth
 + Level 1.1 Unarmed Combat
 + Level 2.1 Spellcasting
 + Level 5.7 Summonings


You had 5 spell levels left.
You knew the following spells:

 Your Spells              Type           Power      Damage    Failure   Level
a - Summon Small Mammal   Summ           72%        N/A       88%         1

Your spell library contained the following spells:

 Spells                   Type           Power      Damage    Failure   Level
 Call Imp                 Summ           18%        N/A       95%         2
 Call Canine Familiar     Summ           18%        N/A       99%         3
 Summon Guardian Golem    Hex/Summ       10%        N/A       100%        3
 Summon Lightning Spire   Summ/Air       10%        N/A       100%        4


Dungeon Overview and Level Annotations

Branches:
Dungeon (2/15)

Altars:
The Shining One

Annotations:
D:2 Sigmund


Innate Abilities, Weirdness & Mutations

You have a beak for a mouth.
You have claws for feet.


Message History

You see here a rat corpse.
You hit the worm. You claw the worm.
The worm is moderately wounded.
You hit the worm. You claw the worm!
The worm is severely wounded.
The worm bites you but does no damage.
You hit the worm.
You kill the worm!
Your Unarmed Combat skill increases to level 1!
You start resting.
HP restored.
You start waiting.
Done waiting.
Found 9 stones.
Found 7 gold pieces.
You now have 77 gold pieces (gained 7).
You drop 29 stones.
You drop 26 sling bullets.
Found 11 gold pieces.
You now have 88 gold pieces (gained 11).
Sigmund the Dreaded comes into view.
He is wielding a +0 scythe.
Sigmund shouts!
You see here 9 stones.
Sigmund gestures at you while chanting. The puff of flame hits you.
The fire burns you terribly! Sigmund hits you with a +0 scythe.
You hit Sigmund but do no damage. You claw Sigmund.
Sigmund is lightly wounded.
Sigmund casts a spell at you.
The magic dart hits you but does no damage.
You closely miss Sigmund. You claw Sigmund! You peck Sigmund.
Sigmund is heavily wounded.
Sigmund points at you and mumbles some strange words.
The magic dart hits you!
* * * LOW HITPOINT WARNING * * *
You hit Sigmund but do no damage. You claw Sigmund!
Sigmund is severely wounded.
Sigmund hits you with a +0 scythe!
Ouch! That really hurt!
You die...

###..........#
#............#
#†#..........##
##.#...........#
...##..........# ##
.#####......(..## ..##
....####........## .....
###......#....#..#......
.....#....##@....... ...
##......@......
#....#.##..... .....#...
..... ......... ...
......#.... .. ##. .....
. #. #.....


You could see Sigmund.

Vanquished Creatures
  An adder (D:2)
  A worm (D:2)
  2 dart slugs (D:1)
  2 bats (D:1)
  2 endoplasms
  A giant cockroach (D:1)
  A goblin (D:1)
  3 hobgoblins (D:1)
  2 kobolds (D:2)
  2 quokkas (D:1)
  3 ball pythons
  3 frilled lizards (D:1)
  2 rats
25 creatures vanquished.

Notes
Turn   | Place    | Note
-------+----------+-------------------------------------------
     0 | D:1      | xaos the Tengu Summoner began the quest for the Orb.
     0 | D:1      | Reached XP level 1. HP: 10/10 MP: 4/4
   133 | D:1      | Reached skill level 5 in Summonings
   674 | D:1      | Reached XP level 2. HP: 15/15 MP: 6/6
  1053 | D:1      | Found a faded altar of an unknown god.
  1058 | D:1      | Prayed at the altar of an unknown god.
  1058 | D:1      | Became a worshipper of the Shining One
  1058 | D:1      | Reached * piety under the Shining One
  1846 | D:1      | Reached XP level 3. HP: 19/19 MP: 7/7
  2314 | D:2      | Reached skill level 1 in Unarmed Combat
  2472 | D:2      | Noticed Sigmund
  2480 | D:2      | Mangled by Sigmund

Illustrated notes

Levels and vault maps discovered:
D:1:      matt_arrival_refuge, layout_basic, ebering_ecumenical_altar_hall
D:2:      layout_rooms, uniq_sigmund

Skill      XL: |  1  2  3 |
---------------+----------+-----
Summonings     | 5 |  5.7
Unarmed Combat | 1 |  1.1
Throwing       | |  0.1
Dodging        | |  2.3
Stealth        | |  2.3
Spellcasting   | |  2.1

Action                   || total
-------------------------++-------
Melee: Unarmed           ||    47
       Kick              ||    33
       Peck              ||    12
       Dagger            ||    11
       Short sword       ||     8
       Punch             ||     1
Throw: Stone             ||     9
Invok: Divine Shield     ||     2
Armor: Robe              ||     1
       Leather armour    ||    13
       Chain mail        ||    12
Dodge: Dodged            ||    29
Block: Other             ||     1
